 Dungeon Crawl Stone Soup version 0.23-a0-644-gb60d84b (webtiles) character file.

18110 Borgoz the Basher (level 12, -3/109 (110) HPs)
             Began as a Ghoul Abyssal Knight on Jan 1, 2019.
             Was a High Priest of Lugonu.
             Killed from afar by a tengu conjurer (10 damage)
             ... with a zap
             ... in a Gauntlet.
             The game lasted 00:33:07 (11810 turns).

Borgoz the Basher (Ghoul Abyssal Knight)           Turns: 11810, Time: 00:33:08

HP:   -3/109 (110)  AC: 12    Str: 22    XL:     12   Next: 55%
MP:   12/12         EV: 14    Int:  7    God:    Lugonu [*****.]
Gold: 761           SH:  0    Dex: 12    Spells: 11/11 levels left

rFire    + . .     SeeInvis +   o - +3 flail of Okawaru's Hope {flame, +Blink rF+ Str+5 Int-3}
rCold    + . .     Gourm    .   (no shield)
rNeg     + + +     Faith    .   x - +1 chain mail {MR+}
rPois    ∞         Spirit   .   D - +1 hat {Int+3}
rElec    .         Reflect  .   N - scarf {repulsion}
rCorr    .         Harm     .   (no gloves)
MR       +....     NoTele   +   (no boots)
Stlth    ..........             n - amulet of magic regeneration
HPRegen  0.00/turn              f - +5 ring of evasion
MPRegen  0.38/turn              H - ring of see invisible

@: very slightly contaminated, rotting, invisible, repel missiles
A: rotting body, claws 1, carnivore, cold resistance 1, negative energy
resistance 3, inhibited regeneration, torment resistance, unbreathing
a: Depart the Abyss, Bend Space, Banish, Corrupt, Enter the Abyss, Renounce
Religion, Evoke Blink


You were in a Gauntlet.
You worshipped Lugonu.
Lugonu was extremely pleased with you.
You were not hungry.

You visited 3 branches of the dungeon, and saw 14 of its levels.
You visited the Abyss 1 time.
You also visited: Gauntlet.

You collected 761 gold pieces.

Inventory:

Hand Weapons
 o - the +3 flail of Okawaru's Hope (weapon) {flame, +Blink rF+ Str+5 Int-3}
   (You found it on level 4 of the Dungeon)

   It has been specially enchanted to burn those struck by it, causing extra
   injury to most foes and up to half again as much damage against particularly
   susceptible opponents.
   It affects your strength (+5).
   It affects your intelligence (-3).
   It protects you from fire.
   It lets you blink.
 L - the +8 trident "Hydrabane" {flame, rElec rPois rC+}
   (You found it on level 7 of the Dungeon)

   It has been specially enchanted to burn those struck by it, causing extra
   injury to most foes and up to half again as much damage against particularly
   susceptible opponents.
   It protects you from cold.
   It insulates you from electricity.
   It protects you from poison.
 S - a +0 war axe of flaming
 Y - the cursed +1 trident "Vifidobap" {antimagic, Stlth+, unknown}
   (You found it on level 9 of the Dungeon)

   It reduces the magical energy of the wielder, and disrupts the spells and
   magical abilities of those hit.
   Natural abilities and divine invocations are not affected.
   It makes you more stealthy.
   It has a curse placed upon it.
Missiles
 c - 2 throwing nets (quivered)
 Z - 2 tomahawks of dispersal
Armour
 x - a +1 chain mail of magic resistance (worn)
 D - a +1 hat of intelligence (worn)
 K - a +2 helmet of intelligence
 N - a scarf of repulsion (worn)
 T - a +1 chain mail of cold resistance
Jewellery
 f - a +5 ring of evasion (left claw)
 l - an uncursed amulet of the acrobat
 n - an amulet of magic regeneration (around neck)
 q - a +4 ring of intelligence {unknown}
 y - an uncursed amulet of the gourmand
 z - a +2 ring of protection
 A - an uncursed ring of ice
 H - a ring of see invisible (right claw)
 R - an uncursed ring of ice
 U - an uncursed amulet of rage {unknown}
 V - an uncursed ring of protection from cold
Wands
 e - a wand of digging (1)
 g - a wand of disintegration (10)
 h - a wand of scattershot (5)
 t - a wand of enslavement (10)
 I - a wand of paralysis (7)
 O - a wand of clouds (7)
 P - a wand of iceblast (7)
 X - a wand of flame (8)
Scrolls
 a - 3 scrolls of teleportation
 d - 8 scrolls of remove curse {unknown}
 i - 6 scrolls of amnesia {unknown}
 j - a scroll of random uselessness {unknown}
 k - 4 scrolls of enchant armour {unknown}
 p - 4 scrolls of enchant weapon {unknown}
 r - 3 scrolls of fog {unknown}
 s - a scroll of silence {unknown}
 u - 3 scrolls of fear
 v - 2 scrolls of blinking {unknown}
 w - 4 scrolls of immolation {unknown}
 C - 2 scrolls of magic mapping
 F - a scroll of noise {unknown}
 Q - a scroll of acquirement
 W - a scroll of identify
Potions
 m - a potion of haste
 B - 2 potions of cancellation
 G - a potion of resistance
 J - 3 potions of curing
 M - 2 potions of flight
Comestibles
 b - 33 rations


   Skills:
 * Level 11.2 Fighting
 * Level 13.4 Maces & Flails
 + Level 7.1 Armour
 + Level 3.0 Dodging
 + Level 1.1 Stealth
 - Level 5.4 Unarmed Combat
 + Level 2.2 Invocations


You had 11 spell levels left.
You didn't know any spells.
Your spell library contained the following spells:

 Spells                   Type           Power        Failure   Level  Hunger
 Confusing Touch          Hex            #.....       97%         1    ##.....
 Corona                   Hex            #......      97%         1    ##.....
 Ensorcelled Hibernation  Hex/Ice        #.....       99%         2    ###....
 Confuse                  Hex            #.......     100%        3    ####...
 Dazzling Spray           Conj/Hex       #.....       100%        3    ####...
 Gell's Gravitas          Tloc           #.........   100%        3    ####...
 Tukima's Dance           Hex            #.......     100%        3    ####...
 Petrify                  Tmut/Erth      #.......     100%        4    #####..
 Irradiate                Conj/Tmut      #.........   100%        5    ######.
 Metabolic Englaciation   Hex/Ice        #.........   100%        5    ######.
 Yara's Violent Unravell  Hex/Tmut       #.........   100%        5    ######.
 Hydra Form               Tmut           Unusable     N/A         6    N/A
 Statue Form              Tmut/Erth      Unusable     N/A         6    N/A
 Dragon Form              Tmut           Unusable     N/A         7    N/A

Dungeon Overview and Level Annotations

Branches:
Dungeon (12/15)            Temple (1/1) D:4            Lair (1/6) D:10
    Orc (0/2) D:10

Altars:
Ashenzari
Cheibriados
Dithmenos
Elyvilon
Fedhas
Gozag
Hepliaklqana
Kikubaaqudgha
Makhleb
Nemelex Xobeh
Okawaru
Qazlal
Ru
Sif Muna
Trog
Uskayaw
Vehumet
Wu Jian
Xom
Yredelemnul
Zin
The Shining One

Shops:
D:4 %   D:11 (   D:12 %*==

Annotations:
Gauntlet 9 transporters


Innate Abilities, Weirdness & Mutations

Your body is rotting away.
You thrive on raw meat.
You are immune to poison.
You have sharp fingernails.
You are carnivorous and can eat meat at any time.
Your flesh is cold resistant. (rC+)
You are immune to negative energy. (rN+++)
You do not regenerate when monsters are visible.
You are immune to unholy pain and torment.
You can survive without breathing.


Message History

The tengu conjurer pecks you.
* * * LOW HITPOINT WARNING * * *
The tengu conjurer claws you but does no damage.
You hit the tengu conjurer but do no damage.
You sock the tengu conjurer! You burn the tengu conjurer.
The tengu conjurer is heavily wounded.
The tengu conjurer barely misses you.
The tengu conjurer pecks you but does no damage.
The tengu conjurer claws you but does no damage.
You sock the tengu conjurer! You burn the tengu conjurer.
The tengu conjurer is almost dead.
The tengu conjurer casts a spell.
The tengu conjurer blinks!
The tengu conjurer gestures at you while chanting.
The bolt of lightning misses you.
The battlesphere fires!
The barrage of energy hits you!
* * * LOW HITPOINT WARNING * * *
The tengu conjurer gestures at you while chanting.
The zap misses you. The zap hits you!
You die...

....#4#...#g#...
#.#......344#...#gx...
#############...######
.......©#...........#©
##.#######.....⌠.....##
.#.#...................
.#.###########...######
.#.##.*.....##...##....
.#.#.#.Q@..#.#...#.#...
.#.#..#..§#..#...#..#..
.#.#!..#)#...#...#...#.
.#©#©...#©...#©.©#...©#
.###[..#.#...#...#...#.
...#..#...#..#...#..#..
...#.#.....#.#.∩.#.#...
#..##.......##...##....
#..###########...######


You could see a neqoxec, 2 chaos spawn, a tengu conjurer and a battlesphere.

Vanquished Creatures
  Gastronok (D:9)
  A two-headed ogre (D:10)
  A tengu warrior (Gauntlet)
  Pikel (D:6)
  A deep elf mage (D:12)
  A cyclops (D:10)
  An ugly thing (D:11)
  A troll (D:9)
  Prince Ribbit (D:4)
  3 hornets
  3 slime creatures
  2 hippogriffs
  A vampire (D:7)
  Sigmund (D:5)
  21 yaks
  A steam dragon (D:7)
  2 hungry ghosts (D:8)
  Edmund (D:6)
  A warg (D:10)
  2 soldier ants (D:8)
  An acid dragon (D:11)
  2 water moccasins
  5 orc warriors
  4 porcupines (D:10)
  A hornet zombie (D:6)
  A sky beast (shapeshifter) (D:10)
  A slave (D:5)
  4 sky beasts
  6 ice beasts
  A black bear (D:6)
  A phantom (D:7)
  7 ogres
  2 eyes of draining
  An eye of draining (shapeshifter) (D:11)
  7 centaurs
  3 crocodiles (D:10)
  2 big kobolds
  6 bullfrogs
  3 scorpions
  A killer bee (D:7)
  3 wights (D:12)
  An electric eel (D:6)
  A howler monkey (D:5)
  3 centaur zombies
  5 crimson imps
  A quasit (D:7)
  2 bullfrog zombies
  3 bullfrog skeletons
  6 hounds
  4 jellies
  15 orc wizards
  5 orc priests
  4 iguanas
  9 worker ants
  2 hound zombies
  A worker ant zombie (D:11)
  7 gnolls
  13 adders
  A shadow imp (D:10)
  2 oozes
  4 adder skeletons
  2 adder zombies
  3 worms
  A dart slug (D:1)
  5 leopard geckos
  56 orcs
  5 giant cockroaches
  8 goblins
  7 hobgoblins
  23 jackals
  17 kobolds
  5 quokkas
  A ball python (D:1)
  8 bats
  6 frilled lizards
  A leopard gecko skeleton (D:5)
  A leopard gecko zombie (D:6)
  8 rats
355 creatures vanquished.

Vanquished Creatures (others)
  2 slaves (D:6)
  A scorpion (D:6)
  4 orcs
  A bush (D:10)
  5 fungi (D:10)
  19 plants (D:10)
32 creatures vanquished.

Grand Total: 387 creatures vanquished

Notes
Turn   | Place    | Note
-------+----------+-------------------------------------------
     0 | Abyss:1  | Borgoz the Ghoul Abyssal Knight began the quest for the
                  | Orb.
     0 | Abyss:1  | Reached XP level 1. HP: 19/19 MP: 1/1
    71 | Abyss:4  | Noticed a spatial vortex
    73 | D:1      | Escaped the Abyss
   157 | D:1      | Reached XP level 2. HP: 22/27 MP: 2/2
   161 | D:1      | Reached * piety under Lugonu
   174 | D:1      | Reached skill level 1 in Dodging
   352 | D:1      | Reached XP level 3. HP: 26/33 MP: 3/3
  1103 | D:2      | Reached XP level 4. HP: 40/40 MP: 4/4
  1271 | D:2      | Reached ** piety under Lugonu
  1718 | D:3      | Reached XP level 5. HP: 43/47 MP: 5/5
  2477 | D:4      | Got a bloodstained flail
  2478 | D:4      | Identified the +3 flail of Okawaru's Hope {flame, +Blink
                  | rF+ Str+5 Int-3} (You found it on level 4 of the Dungeon)
  2517 | D:4      | Found a staircase to the Ecumenical Temple.
  2523 | Temple   | Entered the Ecumenical Temple
  2827 | D:4      | Found Xopiach's Food Emporium.
  3001 | D:5      | Entered Level 5 of the Dungeon
  3001 | D:5      | Noticed Prince Ribbit
  3322 | D:5      | Noticed Sigmund
  3355 | D:5      | Noticed an ice beast
  3369 | D:5      | Killed an ice beast
  3369 | D:5      | Reached skill level 5 in Unarmed Combat
  3369 | D:5      | Reached XP level 6. HP: 23/52 MP: 6/6
  3633 | D:5      | Reached skill level 1 in Maces & Flails
  3678 | D:5      | Killed Sigmund
  3678 | D:5      | Reached skill level 2 in Maces & Flails
  3678 | D:5      | Reached XP level 7. HP: 60/60 MP: 7/7
  3695 | D:5      | Reached skill level 5 in Fighting
  3783 | D:5      | Reached skill level 3 in Maces & Flails
  4077 | D:6      | Noticed Pikel
  4347 | D:6      | Reached XP level 8. HP: 65/68 MP: 8/8
  4362 | D:6      | Reached skill level 4 in Maces & Flails
  4411 | D:6      | Reached *** piety under Lugonu
  4512 | D:6      | Killed Pikel
  4512 | D:6      | Reached skill level 6 in Maces & Flails
  4583 | D:6      | Noticed Edmund
  4610 | D:6      | Killed Edmund
  4610 | D:6      | Reached XP level 9. HP: 39/75 MP: 9/9
  4829 | D:6      | Reached skill level 7 in Maces & Flails
  5363 | D:6      | Reached skill level 8 in Maces & Flails
  5363 | D:6      | Reached skill level 1 in Stealth
  5382 | D:6      | HP: 3/78 [yak (12)]
  5459 | D:6      | Reached skill level 5 in Armour
  5610 | D:7      | Reached **** piety under Lugonu
  5633 | D:7      | Reached skill level 9 in Maces & Flails
  5633 | D:7      | Reached XP level 10. HP: 52/85 MP: 10/10
  5770 | D:7      | Noticed a four-headed hydra
  6011 | D:4      | Killed Prince Ribbit
  6586 | D:7      | Got an encrusted trident
  6636 | D:7      | Banished a four-headed hydra
  6636 | D:7      | Reached skill level 10 in Maces & Flails
  6683 | D:7      | Found an ornate altar of the Wu Jian Council.
  6883 | D:7      | Identified the +8 trident "Hydrabane" {flame, rElec rPois
                  | rC+} (You found it on level 7 of the Dungeon)
  7417 | D:8      | Reached XP level 11. HP: 95/95 MP: 11/11
  7683 | D:8      | Reached skill level 11 in Maces & Flails
  7866 | D:9      | Noticed Gastronok
  7946 | D:9      | Got a polished trident
  8081 | D:9      | Reached ***** piety under Lugonu
  8307 | D:9      | Killed Gastronok
  8377 | D:9      | Identified a scroll of acquirement
  8842 | D:10     | Entered Level 10 of the Dungeon
  8884 | D:10     | Noticed a two-headed ogre
  8913 | D:10     | Killed a two-headed ogre
  8913 | D:10     | Reached skill level 10 in Fighting
  8947 | D:10     | Found a staircase to the Orcish Mines.
  8955 | D:10     | Noticed a cyclops
  8964 | D:10     | Killed a cyclops
  8964 | D:10     | Reached skill level 12 in Maces & Flails
  9147 | D:10     | Found a staircase to the Lair.
  9156 | D:10     | Noticed a cyclops
  9542 | D:10     | Reached XP level 12. HP: 102/106 MP: 12/12
  9916 | Lair:1   | Entered Level 1 of the Lair of Beasts
 10030 | D:11     | Found Nouzext's Weapon Boutique.
 10169 | D:11     | Reached skill level 13 in Maces & Flails
 11192 | D:12     | Found Plog's Jewellery Shoppe.
 11277 | D:12     | Found Seliwy's Jewellery Shop.
 11307 | D:12     | Found Jexeqas's Food Shop.
 11362 | D:12     | Found Jiklemig's Assorted Antiques.
 11368 | D:12     | Found a gate leading to a gauntlet.
 11370 | D:12     | Noticed a five-headed hydra
 11380 | Gauntlet | Entered a Gauntlet
 11380 | Gauntlet | Found a transporter.
 11380 | Gauntlet | Found a transporter.
 11701 | Gauntlet | Found a transporter.
 11713 | Gauntlet | Found a transporter.
 11717 | Gauntlet | Noticed a death scarab
 11721 | Gauntlet | Found a transporter.
 11721 | Gauntlet | Found a transporter.
 11723 | Gauntlet | Noticed a death scarab
 11735 | Gauntlet | Found a transporter.
 11742 | Gauntlet | Found a transporter.
 11753 | Gauntlet | Found a transporter.
 11779 | Gauntlet | Found a transporter.
 11779 | Gauntlet | Noticed a tengu warrior
 11804 | Gauntlet | Killed a tengu warrior
 11810 | Gauntlet | Killed from afar by a tengu conjurer

Vault maps used:
D:1:      dpeg_arrival_court, minmay_stone_trees_small, minmay_worlds_worst_comb
D:3:      first_ration
D:4:      minmay_temple_entry_enclosed_plants, serial_shops, nicolae_shop_stone
D:5:      uniq_sigmund, uniq_prince_ribbit1
D:6:      serial_bayou_ford_a, uniq_pikel, uniq_edmund
D:7:      minmay_the_grid_octo_2x2, nicolae_overflow_hidden_temple
D:8:      hangedman_pestilent_swarm
D:9:      uniq_gastronok
D:10:     minmay_lair_entry_grove, david_orc_3, minmay_misc_feat_x,
          minivault_20, serial_park_tiny_1
D:11:     serial_shops, shop
D:12:     serial_shops, kennysheep_mini_moat, shop, nicolae_shop_crystal, shop,
          gauntlet_entry_generic
Temple:   roderic_octagonal_lattice_temple
Abyss:3:  guppyfry_abyss_exit_imp_island, grunt_abyss_rune_wretched_hive
Abyss:4:  hangedman_eye_storm, minivault_24
Gauntlet: gammafunk_gauntlet_branching

Skill      XL: |  1  2  3  4  5  6  7  8  9 10 11 12 |
---------------+-------------------------------------+-----
Dodging        | 1 2 3 |  3.0
Fighting       | 4 5 6 7 8 10 11 | 11.2
Unarmed Combat | 3 4 5 |  5.4
Armour         | 2 3 4 5 6 7 |  7.1
Maces & Flails | 2 3 6 9 10 12 13 | 13.4
Stealth        | 1 |  1.1
Invocations    | |  2.2

Action                   |  1- 3 |  4- 6 |  7- 9 | 10-12 || total
-------------------------+-------+-------+-------+-------++-------
Melee: Unarmed           |   132 |   115 |       |       ||   247
       Punch             |       |     2 |     5 |    14 ||    21
       Flail             |       |    45 |   333 |   800 ||  1178
Invok: Depart the Abyss  |     1 |       |       |       ||     1
       Banish            |       |       |       |     1 ||     1
  Use: Scroll            |     1 |     7 |     2 |    12 ||    22
       Potion            |       |     4 |     4 |     4 ||    12
  Eat: Chunk             |    10 |    13 |    27 |    59 ||   109
Armor: Scale mail        |    57 |    43 |       |       ||   100
       Chain mail        |       |    21 |   174 |   283 ||   478
Dodge: Dodged            |    73 |   105 |   236 |   511 ||   925
       Deflected         |       |       |       |     9 ||     9

Table legend:
 A = Non-vault XP
 B = Vault XP
 C = Vault XP percentage of total XP
 D = Non-vault monster count
 E = Vault monster count
 F = Vault count percentage of total count
                 A         B        C        D         E       F
            +---------+---------+-------+---------+---------+-------
      Total |   16734 |    9138 |  35.3 |     304 |      51 |  14.4
            +---------+---------+-------+---------+---------+-------
        D:1 |      47 |       2 |   4.1 |      24 |       1 |   4.0
        D:2 |      69 |       0 |   0.0 |      20 |       0 |   0.0
        D:3 |      54 |       0 |   0.0 |      23 |       0 |   0.0
        D:4 |     192 |     277 |  59.1 |       9 |       1 |  10.0
        D:5 |     562 |     212 |  27.4 |      21 |       1 |   4.5
        D:6 |    2462 |     786 |  24.2 |      41 |       2 |   4.7
        D:7 |    1710 |    1937 |  53.1 |      42 |      18 |  30.0
        D:8 |    1629 |     617 |  27.5 |      23 |       4 |  14.8
        D:9 |    1481 |    2026 |  57.8 |      34 |       1 |   2.9
       D:10 |    4324 |    2417 |  35.9 |      30 |      22 |  42.3
       D:11 |    2084 |       0 |   0.0 |      26 |       0 |   0.0
       D:12 |    2120 |       0 |   0.0 |      11 |       0 |   0.0
   Gauntlet |       0 |     864 | 100.0 |       0 |       1 | 100.0
            +---------+---------+-------+---------+---------+-------
